 Dungeon Crawl Stone Soup version 0.27.1-33-g824d729ab1 (webtiles) character file.

Game seed: 259971239893710235

124107 comborobin the Fighter (level 16, 0/140 HPs)
             Began as a Palentonga Gladiator on Dec 27, 2021.
             Was the Champion of the Shining One.
             Slain by an orc warrior (26 damage)
             ... led by an orc warlord
             ... on level 2 of the Orcish Mines.
             The game lasted 00:45:40 (23118 turns).

comborobin the Fighter (Palentonga Gladiator)      Turns: 23118, Time: 00:45:42

Health: 0/140      AC: 13    Str: 24    XL:     16   Next: 38%
Magic:  32/32      EV: 10    Int: 20    God:    the Shining One [******]
Gold:   845        SH:  9    Dex: 18    Spells: 19/23 levels left

rFire    + . .     SeeInvis +   a - +3 battleaxe (freeze)
rCold    + + .     Faith    .   (shield currently unavailable)
rNeg     + + +     Spirit   .   t - +8 chain mail "Cunaga Cus" {rC+ Will+ Int+3 Dex-2}
rPois    .         Reflect  .   O - +5 helmet "Tuyfiovve" {Regen+}
rElec    .         Harm     .   c - +2 cloak of Blue Skies {Dex+7 Stlth-}
rCorr    .         Rampage  .   e - +1 pair of gloves {Str+3}
Will     ++...                  (no barding)
Stlth    ..........             o - amulet of magic regeneration
HPRegen  1.33/turn              w - ring "Diemesob" {+Blink rC+ MP+9 Int+6}
MPRegen  0.48/turn              f - ring of protection from fire

@: divinely shielded, corroded, glowing, curled up
A: large, rugged brown scales 3, see invisible, deformed body, roll 1, armoured
tail, reflexive curl
a: Rolling Charge, Renounce Religion, Evoke Blink, Divine Shield, Cleansing
Flame, Summon Divine Warrior, Brand Weapon With Holy Wrath


You were on level 2 of the Orcish Mines.
You worshipped the Shining One.
The Shining One was exalted by your worship.
You visited 3 branches of the dungeon, and saw 23 of its levels.
You also visited: Sewer, Bailey, Gauntlet and Volcano.

You collected 3381 gold pieces.
You spent 2536 gold pieces at shops.

Inventory:

Hand Weapons
 a - a +3 battleaxe of freezing (weapon)
 b - a +2 battleaxe of flaming
 C - a +4 scimitar of flaming
 E - a +2 whip of venom
 G - a +2 dire flail
 U - the +2 morningstar "Ymuhuovi" {flame, *Slow rPois Str+3 Dex+3}
   (You found it on level 11 of the Dungeon)

   It burns those it strikes, dealing additional fire damage.
   Str:       It affects your strength (+3).
   Dex:       It affects your dexterity (+3).
   rPois:     It protects you from poison.
   *Slow:     It may slow you when you take damage.
 Y - a +0 battleaxe of venom
Missiles
 d - 2 throwing nets (quivered)
 v - 15 curare-tipped darts
Armour
 c - the +2 cloak of Blue Skies (worn) {Dex+7 Stlth-}
   (You bought it in a shop on level 7 of the Dungeon)

   Dex:       It affects your dexterity (+7).
   Stlth:     It makes you less stealthy.
 e - a +1 pair of gloves of strength (worn)
 m - +0 fire dragon scales
 t - the +8 chain mail "Cunaga Cus" (worn) {rC+ Will+ Int+3 Dex-2}
   (You bought it in a shop on level 4 of the Dungeon)

   Int:       It affects your intelligence (+3).
   Dex:       It affects your dexterity (-2).
   rC:        It protects you from cold.
   Will:      It increases your willpower.
 u - the +1 plate armour of a bailey {+Blink rElec Int-4 Stlth+}
   (You found it on level 6 of the Lair of Beasts)

   Int:       It affects your intelligence (-4).
   rElec:     It insulates you from electricity.
   +Blink:    It lets you blink.
   Stlth:     It makes you more stealthy.
 y - a +4 chain mail of fire resistance
 A - a +0 troll leather armour
 O - the +5 helmet "Tuyfiovve" (worn) {Regen+}
   (You bought it in a shop on level 4 of the Dungeon)

   Regen:     It increases your rate of health regeneration.
Jewellery
 f - a ring of protection from fire (right hand)
 h - a ring of flight
 o - an amulet of magic regeneration (around neck)
 q - a +6 ring of dexterity
 s - the ring of Qaopiut {rN++ MP+9 Dex+3 Stlth-}
   (You found it in a Gauntlet)

   [ring of magical power]

   Dex:       It affects your dexterity (+3).
   rN:        It greatly protects you from negative energy.
   MP:        It affects your magic capacity (+9).
   Stlth:     It makes you less stealthy.
 w - the ring "Diemesob" (left hand) {+Blink rC+ MP+9 Int+6}
   (You found it on level 4 of the Lair of Beasts)

   [ring of intelligence]

   Int:       It affects your intelligence (+6).
   rC:        It protects you from cold.
   MP:        It affects your magic capacity (+9).
   +Blink:    It lets you blink.
 x - a +4 ring of protection
 R - a ring of wizardry
 X - a ring of protection from fire
 Z - a +6 ring of intelligence
Wands
 j - a wand of mindburst (49)
 H - a wand of iceblast (31)
 J - a wand of digging (4)
 P - a wand of paralysis (20)
 Q - a wand of flame (20)
Scrolls
 g - 4 scrolls of identify
 p - 4 scrolls of blinking
 z - 3 scrolls of immolation
 B - 3 scrolls of holy word
 D - a scroll of summoning
 I - 5 scrolls of teleportation
 M - 2 scrolls of fog
 S - 4 scrolls of enchant weapon
 T - 7 scrolls of enchant armour
Potions
 k - 3 potions of curing
 l - 6 potions of magic
 n - 2 potions of attraction
 r - a potion of cancellation
 K - 5 potions of haste
 L - 2 potions of mutation
 N - 2 potions of flight
 W - 2 potions of brilliance
Miscellaneous
 i - a lightning rod (4/4)
 F - a box of beasts


   Skills:
 - Level 13.5 Fighting
 * Level 10.8(13.2) Axes
 - Level 12.7(15.2) Maces & Flails
 - Level 10.0(12.6) Staves
 - Level 1.3 Throwing
 + Level 8.4 Armour
 - Level 7.9 Dodging
 + Level 4.2 Spellcasting
 + Level 4.6 Translocations
 + Level 9.7 Invocations


You had 19 spell levels left.
You knew the following spells:

 Your Spells              Type           Power      Damage    Failure   Level
h - Passage of Golubria   Tloc           N/A        N/A       71%         4

Your spell library contained the following spells:

 Spells                   Type           Power      Damage    Failure   Level
 Summon Small Mammal      Summ           16%        N/A       58%         1
 Passwall                 Tmut/Erth      3%         N/A       73%         2
 Call Canine Familiar     Summ           4%         N/A       91%         3
 Ignite Poison            Fire/Tmut/Pois 4%         N/A       91%         3
 Inner Flame              Hex/Fire       4%         N/A       91%         3
 Mephitic Cloud           Conj/Pois/Air  4%         N/A       91%         3
 Stone Arrow              Conj/Erth      8%         3d7       91%         3
 Summon Guardian Golem    Hex/Summ       4%         N/A       91%         3
 Swiftness                Air            4%         N/A       91%         3
 Tukima's Dance           Hex            4%         N/A       91%         3
 Animate Armour           Summ/Erth      8%         N/A       100%        4
 Cause Fear               Hex            2%         N/A       100%        4
 Blade Hands              Tmut           2%         N/A       100%        5
 Bolt of Magma            Conj/Fire/Erth 2%         4d4       100%        5
 Irradiate                Conj/Tmut      2%         3d14      100%        5
 Silence                  Hex/Air        2%         N/A       100%        5
 Summon Forest            Summ/Tloc      6%         N/A       100%        5
 Yara's Violent Unravell  Hex/Tmut       2%         3d3       100%        5
 Eringya's Noxious Bog    Tmut/Pois      2%         N/A       100%        6
 Invisibility             Hex            2%         N/A       100%        6
 Dragon Form              Tmut           2%         N/A       100%        7
 Summon Hydra             Summ           2%         N/A       100%        7
 Discord                  Hex            2%         N/A       100%        8
 Lehudib's Crystal Spear  Conj/Erth      2%         10d2      100%        8


Dungeon Overview and Level Annotations

Branches:
Dungeon (15/15)            Temple (0/1) D:5            Lair (6/6) D:10
  Swamp (0/4) Lair:2       Spider (0/4) Lair:4        Slime (0/5) Lair:5
    Orc (2/2) D:11            Elf (0/3) Orc:2        Vaults (0/5) D:13
 Depths (0/5) D:15          Sewer (visited)          Bailey (visited)
Volcano (visited)         Gauntlet (visited)

Altars:
Kikubaaqudgha
Sif Muna
Uskayaw
Vehumet
Wu Jian
The Shining One
Beogh
Jiyva

Shops:
D:3 [   D:4 [:[:[   D:6 :   D:7 *   D:10 ?   D:12 (   Orc:1 *

Annotations:
D:9 exclusion: statue
D:13 3 runed translucent doors
Lair:3 2 transporters, Ekaitz's ghost, journeyman DrTm
Orc:2 Josephine; Rupert


Innate Abilities, Weirdness & Mutations

You are completely covered in rugged brown scales. (AC +3, +7% HP)
You have supernaturally acute eyesight. (SInv)
Armour fits poorly on your strangely shaped body.
You can roll at nearby foes to attack.
You have a long armoured tail.
You curl defensively after being hit.


Message History

The orc knight roars a battlecry!
The orcs go into a battle-frenzy!
The orc wizard is engulfed in a cloud of scalding steam.
The orc priest invokes the aid of Beogh against you.
Beogh smites you!
The orc wizard is engulfed in a cloud of scalding steam.
The orc knight roars a battlecry!
The orc sorcerer hits you with a +0 dagger.
* * * LOW HITPOINT WARNING * * *
You hear a shout!
The rust devil disappears in a puff of smoke!
The orc priest calls down the wrath of Beogh upon you.
Beogh smites you!
* * * LOW HITPOINT WARNING * * *
You feel much better.
The orc warrior hits you from afar with a +0 halberd!!
* * * LOW HITPOINT WARNING * * *
The orc priest mumbles some strange prayers to Beogh against you.
Beogh smites you!
* * * LOW HITPOINT WARNING * * *
The orc sorcerer points at you and mumbles some strange words.
The bolt of negative energy misses the orc warrior.
The bolt of negative energy misses you.
You feel much better. You block the orc wizard's attack.
The orc warrior hits you from afar with a +0 halberd!!
* * * LOW HITPOINT WARNING * * *
The orc sorcerer gestures wildly while chanting.
The orc warrior barely misses you.
The red devil hops backward while attacking.
The red devil hits you from afar with a +0 trident!
* * * LOW HITPOINT WARNING * * *
There is a stone staircase leading up here.
You feel much better.
The rust devil disappears in a puff of smoke!
You block the orc warrior's attack.
The orc wizard gestures at you while chanting.
The puff of flame hits you. You resist.
* * * LOW HITPOINT WARNING * * *
The orc warrior hits you from afar with a +0 halberd!!
You die...

## ##. #######..
##o##ยง.##.###
#@oooT..##..#
##.oo....#3.#
#o4o.o..))#####..
##..........8....
###......)).....
##............
#............
.........8....
........#####..


You could see an orc knight, a troll, an orc sorcerer (strong), a red devil
(summoned), 4 orc warriors, an orc priest (strong) and 2 orc wizards.

Vanquished Creatures
  A frost giant (D:15)
  A stone giant (Volcano)
  Nessos (Orc:2)
  A dire elephant (Lair:6)
  A minotaur (Gauntlet)
  Fannar (Lair:3)
  2 ogre magi (D:11)
  13 hydras
  Erica (D:9)
  2 boulder beetles (D:15)
  2 catoblepae
  7 centaur warriors
  2 dancing weapons (D:13)
  9 death yaks
  2 tengu warriors (D:15)
  Urug (Orc:2)
  A deep troll shaman (Lair:6)
  Nergalle (D:11)
  Sonja (Lair:2)
  A fire crab (shapeshifter) (D:11)
  An obsidian statue (Volcano)
  A wizard (Gauntlet)
  4 orc knights
  A harpy (shapeshifter) (D:14)
  2 manticores (D:11)
  A deep elf pyromancer (D:14)
  4 cyclopes
  4 orc sorcerers
  6 ugly things
  A moth of wrath (shapeshifter) (D:11)
  7 black mambas
  14 elephants
  A torpor snail (Lair:2)
  4 gargoyles
  A kobold demonologist (D:12)
  11 cane toads
  3 rime drakes
  A minotaur zombie (Gauntlet)
  3 efreet
  9 komodo dragons
  A freezing wraith (D:15)
  A yaktaur (D:15)
  A jumping spider (shapeshifter) (D:15)
  2 meliai (D:11)
  2 jumping spiders (Lair:4)
  2 queen bees
  10 trolls
  A hornet (D:9)
  2 polar bears
  A wolf spider simulacrum (D:15)
  6 slime creatures (D:12)
  2 meliai zombies (D:11)
  24 blink frogs
  4 shadows
  A vampire (D:11)
  43 yaks
  A redback (Lair:4)
  4 wraiths
  3 centaur simulacra (Gauntlet)
  Eustachio (D:4)
  4 wyverns
  5 fire bats (Volcano)
  5 vampire mosquitoes
  4 basilisks
  A harpy simulacrum (Gauntlet)
  A swamp worm (shapeshifter) (D:15)
  4 wargs (Orc:1)
  2 steam dragons (D:8)
  3 acid dragons
  14 water moccasins
  15 orc warriors
  3 black bears
  An ice beast (D:7)
  A sky beast (D:7)
  A black bear (shapeshifter) (D:13)
  2 ogres
  23 wolves
  A necrophage (D:3)
  5 centaurs
  Blork the orc (Orc:2)
  7 kobold brigands
  9 bullfrogs
  An earth elemental (Volcano)
  A gnoll sergeant (D:11)
  3 scorpions
  40 killer bees
  3 howler monkeys
  7 wights
  6 lava snakes (Volcano)
  A crimson imp (D:4)
  4 centaur zombies
  A jelly (D:5)
  14 orc priests
  5 hounds
  2 centaur skeletons (D:6)
  2 gnoll shamans
  Jessica (D:2)
  4 iguanas
  19 orc wizards
  5 hell rats (Lair:2)
  A howler monkey zombie (D:9)
  21 gnolls
  13 adders
  A shadow imp (Gauntlet)
  An ufetubus (D:6)
  2 worms (Sewer)
  2 dart slugs
  56 orcs
  11 ball pythons
  2 bats
  11 endoplasms
  5 giant cockroaches
  10 hobgoblins
  2 jackals (D:3)
  32 kobolds
  6 quokkas
  2 frilled lizards (D:2)
  15 goblins
  A goblin zombie (D:4)
  3 hobgoblin zombies (D:4)
  2 kobold skeletons (D:4)
  An orc skeleton (D:4)
  An orc zombie (D:4)
  4 rats
  A butterfly (Lair:3)
679 creatures vanquished.

Vanquished Creatures (others)
  A killer bee (D:11)
  A bush (D:10)
  A demonic plant (Gauntlet)
  16 fungi
  50 plants
69 creatures vanquished.

Grand Total: 748 creatures vanquished

Notes
Turn   | Place    | Note
-------+----------+-------------------------------------------
     0 | D:1      | comborobin the Palentonga Gladiator began the quest for the
                  | Orb.
     0 | D:1      | Reached XP level 1. HP: 17/17 MP: 1/1
   412 | D:1      | Reached XP level 2. HP: 23/23 MP: 2/2
   843 | D:1      | Reached XP level 3. HP: 29/29 MP: 3/3
  1195 | D:2      | Noticed Jessica
  1206 | D:2      | Killed Jessica
  1207 | D:2      | Reached skill level 3 in Fighting
  1207 | D:2      | Reached XP level 4. HP: 19/37 MP: 4/4
  1433 | D:2      | Found a faded altar of an unknown god.
  1766 | D:3      | Noticed a necrophage
  1782 | D:3      | Killed a necrophage
  1783 | D:3      | Reached skill level 4 in Fighting
  1783 | D:3      | Reached XP level 5. HP: 37/46 MP: 5/5
  1848 | D:3      | Found Hal Set's Antique Armour Shop.
  2009 | D:3      | Found a hide-covered altar of Uskayaw.
  2337 | D:4      | Found Lell's Antique Armour Shop.
  2339 | D:4      | Noticed Eustachio
  2345 | D:4      | Found Haabeal's Armour Shoppe.
  2738 | D:4      | Found Beush's Book Boutique.
  2778 | D:4      | Reached skill level 5 in Fighting
  2805 | D:4      | Found a glowing golden altar of the Shining One.
  2827 | D:4      | Became a worshipper of the Shining One
  2834 | D:4      | Reached XP level 6. HP: 54/54 MP: 6/6
  2872 | D:4      | Found a glowing drain.
  2894 | Sewer    | Entered a sewer
  2904 | Sewer    | Reached skill level 1 in Armour
  3142 | Sewer    | Reached skill level 5 in Staves
  3378 | Sewer    | Gained mutation: You curl defensively after being hit.
                  | [Palentonga growth]
  3378 | Sewer    | Reached XP level 7. HP: 23/59 MP: 7/7
  3829 | D:4      | Found Hiabeurch's Book Shop.
  4134 | D:4      | Killed Eustachio
  4254 | D:4      | Found Jotu's Armour Shoppe.
  4314 | D:5      | Entered Level 5 of the Dungeon
  4314 | D:5      | Noticed a troll
  4645 | D:5      | Killed a troll
  4646 | D:5      | Reached XP level 8. HP: 66/66 MP: 8/8
  4754 | D:5      | Found a staircase to the Ecumenical Temple.
  5184 | D:5      | You are sucked into a shaft and drop 2 floors!
  5257 | D:6      | Reached * piety under the Shining One
  5421 | D:6      | Reached skill level 1 in Invocations
  5899 | D:6      | Reached skill level 5 in Dodging
  5922 | D:6      | Found Qetijer's Book Emporium.
  6599 | D:7      | Reached XP level 9. HP: 53/72 MP: 9/11
  6795 | D:7      | Found Keywnudo's Neck Hole.
  7025 | D:7      | Found an ornate altar of the Wu Jian Council.
  7025 | D:7      | Found an ancient bone altar of Kikubaaqudgha.
  7051 | D:8      | Reached ** piety under the Shining One
  7546 | D:8      | Reached skill level 5 in Armour
  7961 | D:9      | Noticed Erica
  7983 | D:9      | Killed Erica
  7984 | D:9      | Reached skill level 5 in Invocations
  7984 | D:9      | Reached XP level 10. HP: 27/79 MP: 13/13
  8310 | D:9      | Found a radiant altar of Vehumet.
  8521 | D:9      | Reached skill level 10 in Staves
  8845 | D:4      | Bought the +5 helmet "Tuyfiovve" {Regen+} for 474 gold
                  | pieces
  8971 | D:10     | Entered Level 10 of the Dungeon
  9065 | D:10     | Reached skill level 1 in Maces & Flails
  9096 | D:10     | Found Zoxud's Magic Scroll Shoppe.
  9131 | D:10     | Reached *** piety under the Shining One
  9348 | D:10     | Reached skill level 6 in Fighting
  9417 | D:10     | Identified the +2 pair of boots "Bielunen" {rElec}
  9434 | D:10     | Found a staircase to the Lair.
  9495 | D:10     | Reached XP level 11. HP: 71/88 MP: 15/15
  9503 | D:10     | Reached skill level 7 in Fighting
  9898 | D:11     | Reached skill level 5 in Maces & Flails
  9926 | D:11     | Identified the +2 morningstar "Ymuhuovi" {flame, *Slow
                  | rPois Str+3 Dex+3}
  9976 | D:11     | Found a staircase to the Orcish Mines.
 10169 | D:11     | Noticed an ogre mage
 10179 | D:11     | Killed an ogre mage
 10179 | D:11     | Reached **** piety under the Shining One
 10180 | D:11     | Reached skill level 8 in Fighting
 10508 | D:11     | Noticed a centaur warrior
 10522 | D:11     | Killed a centaur warrior
 10523 | D:11     | Reached skill level 9 in Fighting
 10537 | D:11     | Noticed a swamp dragon
 10538 | D:11     | Noticed a death drake
 10538 | D:11     | a swamp dragon changed into a death drake
 10546 | D:11     | Noticed a fire crab
 10546 | D:11     | a death drake changed into a fire crab
 10548 | D:11     | Killed a fire crab
 10590 | D:11     | Noticed an ogre mage
 10594 | D:11     | Paralysed by an ogre mage for 2 turns
 10606 | D:11     | Killed an ogre mage
 10689 | D:11     | Noticed a seven-headed hydra
 10704 | D:11     | Killed a seven-headed hydra
 10705 | D:11     | Reached skill level 10 in Fighting
 10705 | D:11     | Reached XP level 12. HP: 86/103 MP: 16/16
 11330 | D:12     | Noticed Nergalle
 11518 | D:11     | Killed Nergalle
 11635 | D:12     | Reached skill level 11 in Fighting
 11695 | D:12     | Reached skill level 10 in Maces & Flails
 11790 | D:12     | Found Maklakla's Weapon Shoppe.
 11848 | D:12     | Found a shimmering blue altar of Sif Muna.
 11955 | D:12     | Noticed an eight-headed hydra
 11965 | D:12     | Killed a one-headed hydra
 12077 | D:12     | Noticed a five-headed hydra
 12088 | D:12     | Killed a one-headed hydra
 12177 | D:13     | Noticed a centaur warrior
 12191 | D:13     | Killed a centaur warrior
 12258 | D:13     | Found a gate to the Vaults.
 12271 | D:13     | Reached skill level 12 in Fighting
 12301 | D:13     | Found a runed translucent gate.
 12301 | D:13     | Found a runed translucent gate.
 12302 | D:13     | Found a runed translucent gate.
 12303 | D:13     | Noticed a red very ugly thing
 12304 | D:13     | Noticed a green very ugly thing
 12544 | D:13     | Noticed a centaur warrior
 12553 | D:13     | Killed a centaur warrior
 12645 | D:13     | Reached ***** piety under the Shining One
 12656 | D:13     | Reached XP level 13. HP: 112/115 MP: 17/17
 14112 | D:15     | Entered Level 15 of the Dungeon
 14520 | D:15     | Reached skill level 13 in Fighting
 15102 | D:15     | Found a staircase to the Depths.
 15102 | D:15     | Noticed a frost giant
 15112 | D:15     | Killed a frost giant
 15259 | D:15     | Reached skill level 1 in Axes
 15470 | Lair:1   | Entered Level 1 of the Lair of Beasts
 16224 | Lair:2   | Reached XP level 14. HP: 116/126 MP: 18/18
 16355 | D:7      | Bought the +2 cloak of Blue Skies {Dex+7 Stlth-} for 452
                  | gold pieces
 16487 | Orc:1    | Entered Level 1 of the Orcish Mines
 16762 | Orc:1    | Found Oshrem's Overcharged Wands.
 16790 | Orc:1    | Found a flagged portal.
 16809 | Bailey   | Entered a bailey
 16911 | Bailey   | Found an iron altar of Okawaru.
 17124 | Orc:2    | Entered Level 2 of the Orcish Mines
 17124 | Orc:2    | Noticed Josephine
 17124 | Orc:2    | Found a staircase to the Elven Halls.
 17125 | Orc:2    | Noticed Rupert
 17300 | D:6      | Bought Great Wizards, Vol. VII for 360 gold pieces
 17349 | D:7      | Bought an amulet of magic regeneration for 390 gold pieces
 17361 | D:7      | Reached XP level 15. HP: 132/132 MP: 20/20
 17433 | D:4      | Bought the +8 chain mail "Cunaga Cus" {rC+ Will+ Int+3
                  | Dex-2} for 860 gold pieces
 17836 | Lair:2   | Noticed Sonja
 17844 | Lair:2   | Killed Sonja
 17903 | Lair:2   | Found a staircase to the Swamp.
 18750 | Lair:3   | Noticed Ekaitz's ghost (journeyman DrTm)
 18750 | Lair:3   | Found a transporter.
 18750 | Lair:3   | Found a transporter.
 18832 | Lair:3   | Noticed Fannar
 18860 | Lair:3   | Killed Fannar
 19542 | Lair:4   | Reached ****** piety under the Shining One
 19623 | Lair:4   | Found a hole to the Spider Nest.
 19654 | Lair:4   | Identified the ring "Diemesob" {+Blink rC+ MP+9 Int+6}
 19768 | Lair:4   | Learned a level 4 spell: Passage of Golubria
 19919 | Lair:4   | Reached skill level 1 in Translocations
 19963 | Lair:4   | Reached skill level 1 in Spellcasting
 20634 | Lair:5   | Found a viscous altar of Jiyva.
 20634 | Lair:5   | Found a staircase to the Slime Pits.
 21372 | Lair:6   | Entered Level 6 of the Lair of Beasts
 21423 | Lair:6   | Found a gate leading to a gauntlet.
 21483 | Lair:6   | Identified the +1 plate armour of a bailey {+Blink rElec
                  | Int-4 Stlth+}
 21488 | Lair:6   | Reached XP level 16. HP: 122/140 MP: 22/22
 21514 | Gauntlet | Entered a Gauntlet
 21514 | Gauntlet | Found a transporter.
 21521 | Gauntlet | Found a transporter.
 21523 | Gauntlet | Found a transporter.
 21549 | Gauntlet | Found a transporter.
 21562 | Gauntlet | Found a transporter.
 21563 | Gauntlet | Found a transporter.
 21571 | Gauntlet | Found a transporter.
 21586 | Gauntlet | Found a runed translucent gate.
 21587 | Gauntlet | Found a transporter.
 21587 | Gauntlet | Found a runed translucent gate.
 21588 | Gauntlet | Found a runed translucent gate.
 21596 | Gauntlet | Found a runed translucent door.
 21597 | Gauntlet | Found a transporter.
 21598 | Gauntlet | Found a runed translucent door.
 21607 | Gauntlet | Found a transporter.
 21720 | Gauntlet | Found a transporter.
 21762 | Gauntlet | Reached skill level 10 in Axes
 21764 | Gauntlet | Identified the ring of Qaopiut {rN++ MP+9 Dex+3 Stlth-}
 21873 | Lair:6   | Found a dark tunnel.
 21880 | Volcano  | Entered a volcano
 21998 | Volcano  | Found a burning altar of Makhleb.
 23065 | Orc:2    | Noticed Urug
 23069 | Orc:2    | Noticed Blork the orc
 23079 | Orc:2    | Killed Urug
 23092 | Orc:2    | Noticed Nessos
 23094 | Orc:2    | Killed Blork the orc
 23105 | Orc:2    | Killed Nessos
 23117 | Orc:2    | HP: 6/140 [red devil[an orc sorcerer] (13)]
 23118 | Orc:2    | Slain by an orc warrior

Illustrated notes

Levels and vault maps discovered:
D:1:      dpeg_arrival_fog, layout_rooms
D:2:      layout_rooms, hellmonk_ecumenical_altar_inner_sanctum, uniq_jessica
D:3:      layout_basic, mainiacjoe_overflow_paths, serial_shops, shop
D:4:      layout_rooms, nicolae_tso_besieged_by_evil, gup_sewer_entry_glass,
          serial_shops, shop_statue, nicolae_shop_crystal,
          nicolae_stop_n_shop_1, shop_statue, kennysheep_mini_moat,
          serial_bayou_lagoon_b, uniq_eustachio
D:5:      layout_gridville, minmay_temple_entry_mist, chequers_decorated_corner
D:6:      layout_gridville, serial_shops, nicolae_lakefront_shop,
          dk_noncrumbling_3
D:7:      layout_gridville, gammafunk_temple_overflow_elements, minivault_25,
          nicolae_shop_sticking_my_neck_out
D:8:      layout_loops_ring, david_defended_altar_orc
D:9:      layout_small_grid, vehumet_statue, uniq_erica
D:10:     layout_small_grid, minmay_lair_entry_grove, serial_shops, shop_statue
D:11:     regret_index_combs_of_tragedy, layout_loops_ring, orc_0_dummy
D:12:     layout_roguey, serial_shops, shop, led_sif_pool, uniq_nergalle
D:13:     layout_gridville, erik_vaults_1,
          ploomutoo_gammafunk_ghost_potion_laboratory
D:14:     layout_gridville, serial_bayou_pond_d
D:15:     grunt_enter_depths_snipers, layout_layer_cave, skrybe_limestone_x
Lair:1:   layout_roguey, serial_bayou_shore_a
Lair:2:   layout_roguey, minmay_swamp_entry_reptiles, grunt_megastairs_5,
          lemuel_fruit_fields, uniq_sonja
Lair:3:   layout_long_grid, gammafunk_ghost_hive, lemuel_fruit_fields,
          infiniplex_staircase_pool, grunt_megastairs_4, uniq_fannar
Lair:4:   beast_lair_carwin_large_3, layout_regular_city, spider_nest_entry_a
Lair:5:   layout_small_grid, slime_altar_1, serial_bayou_shore_b
Lair:6:   grunt_lair_end_beastmaster, layout_regular_city,
          nicolae_volcano_entry_hallway, gauntlet_entry_generic
Orc:1:    layout_caves, enter_bailey_3, nicolae_shop_overcharged_wands
Orc:2:    grunt_orc_cross, layout_caves, special_room, nicolae_orc_rockfall,
          uniq_josephine, uniq_rupert, uniq_snorg, uniq_nessos

Skill      XL: |  1  2  3  4  5  6  7  8  9 10 11 12 13 14 15 16 |
---------------+-------------------------------------------------+-----
Staves         | 4 5 6 7 9 10 | 10.0
Fighting       | 3 4 5 6 10 12 13 | 13.5
Armour         | 2 3 4 5 6 8 |  8.4
Dodging        | 3 4 5 6 7 |  7.9
Invocations    | 2 5 6 7 9 |  9.7
Maces & Flails | 4 8 11 12 | 12.7
Axes           | 3 7 9 10 | 10.8
Translocations | 3 4 |  4.6
Spellcasting   | 2 4 |  4.2
Throwing       | |  1.3

Action                   |  1- 3 |  4- 6 |  7- 9 | 10-12 | 13-15 | 16-18 || total
-------------------------+-------+-------+-------+-------+-------+-------++-------
Melee: Quarterstaff      |    78 |     8 |       |       |       |       ||    86
       Tailslap          |     6 |    26 |    76 |   143 |   187 |    44 ||   482
       Short sword       |     5 |   215 |   305 |       |       |       ||   525
       Whip              |       |       |   127 |    82 |    13 |       ||   222
       Dire flail        |       |       |       |   563 |   394 |       ||   957
       Hand axe          |       |       |       |    16 |    57 |       ||    73
       Battleaxe         |       |       |       |       |   343 |   185 ||   528
Throw: Throwing net      |       |     1 |     1 |       |       |     1 ||     3
Invok: Cleansing Flame   |       |       |       |     1 |     2 |       ||     3
       Divine Shield     |       |       |       |       |       |     1 ||     1
Evoke: Wand              |       |       |     9 |     2 |     2 |     2 ||    15
  Use: Scroll            |       |     5 |     3 |     3 |    19 |     1 ||    31
       Potion            |       |       |     3 |     4 |     1 |     3 ||    11
Armor: Leather armour    |    25 |   104 |    17 |       |       |       ||   146
       Skin              |       |       |     5 |       |       |       ||     5
       Troll leather arm |       |       |   153 |   419 |   177 |       ||   749
       Chain mail        |       |       |       |       |   404 |   157 ||   561
Dodge: Dodged            |    44 |   130 |   233 |   531 |   460 |   108 ||  1506
Block: Other             |       |       |       |       |       |    12 ||    12
